 Dungeon Sprint DCSS version 0.30-a0-743-gbfdf073431 (webtiles) character file.

Game seed: 12959223079994106289

11 BigDaddyOpFi the Sneak (level 2, 0/11 HPs)
             Began as a Felid Earth Elementalist on Feb 6, 2023.
             Was a Follower of Vehumet.
             Slain by a wolf (6 damage)
             ... in the Dungeon (Sprint VII: "The Pits").
             The game lasted 00:00:47 (403 turns).

BigDaddyOpFi the Sneak (Felid Earth Elementalist)    Turns: 403, Time: 00:00:48

Health: 0/11       AC:  1    Str:  4    XL:     2   Next: 17%
Magic:  4/6        EV: 18    Int: 16    God:    Vehumet [*.....]
Gold:   0          SH:  0    Dex: 16    Spells: 5/6 levels left
                                        Lives:  0   Deaths: 0

rFire   . . .      SeeInvis +    (weapon unavailable)
rCold   . . .      Faith    .    (shield unavailable)
rNeg    . . .      Spirit   .    (body armour unavailable)
rPois   .          Reflect  .    (helmet unavailable)
rElec   .          Harm     .    (cloak unavailable)
rCorr   .          Rampage  .    (gloves unavailable)
Will    .....      NoTele   +    (boots unavailable)
Stlth   +++                      (no amulet)
HPRegen 0.21/turn                (no ring)
MPRegen 0.10/turn                (no ring)

@: quick
A: very small, claws 1, fangs 3, see invisible, speed 1, shaggy fur 1, stealthy
paws, no weapons or thrown items, no armour, multi-lived
a: Renounce Religion


You were in the Dungeon.
You worshipped Vehumet.
Vehumet was aware of your devotion.
You visited 1 branch

Inventory:

Scrolls
 f - a scroll of blinking
Potions
 a - 5 potions of magic
 b - a potion of curing
 d - a potion of haste
 e - 3 potions of berserk rage
 g - 2 potions of invisibility


   Skills:
 + Level 3.7 Dodging
 + Level 3.9 Stealth
 + Level 2.6 Spellcasting
 + Level 2.3 Transmutations
 + Level 3.2 Earth Magic


You had 5 spell levels left.
You knew the following spells:

 Your Spells              Type           Power      Damage    Failure   Level
a - Sandblast             Erth           24%        2d8       4%          1

Your spell library contained the following spells:

 Spells                   Type           Power      Damage    Failure   Level
 Kiss of Death            Conj/Necr      8%         2d6       21%         1
 Passwall                 Tmut/Erth      9%         N/A       10%         2
 Stone Arrow              Conj/Erth      14%        3d7       30%         3
 Petrify                  Tmut/Erth      11%        N/A       52%         4


Dungeon Overview and Level Annotations

Branches:
Dungeon (1/1)

Altars:
Ashenzari
Cheibriados
Dithmenos
Elyvilon
Fedhas
Gozag
Hepliaklqana
Kikubaaqudgha
Makhleb
Nemelex Xobeh
Okawaru
Qazlal
Ru
Sif Muna
Trog
Uskayaw
Vehumet
Wu Jian
Xom
Yredelemnul
Zin
The Shining One
Jiyva
Lugonu


Innate Abilities, Weirdness & Mutations

You have sharp claws.
You have razor-sharp teeth.
You have supernaturally acute eyesight. (SInv)
You cover ground quickly. (Speed+)
You are covered in fur. (AC +1)
Your paws help you pounce on unaware monsters.
You are incapable of wielding weapons or throwing items.
You cannot wear armour.
You gain extra lives every three experience levels.


Message History

You start resting.
Magic restored.
You start waiting.
There is an open door here.
You can't go up here!
Okay, then.
You open the door.
A goblin and a hobgoblin come into view.
The goblin shouts!
Casting: Sandblast (safe; 5% risk of failure)
Confirm with . or Enter, or press ? or * to list all spells.
Aiming: Sandblast (safe; 5% risk of failure)
Press: ? - help, Shift-Dir - straight line, f - goblin
Aim: a goblin, wielding a +0 club (77% to hit)
The blast of sand hits the goblin!
You kill the goblin!
Vehumet accepts your kill.
You feel your power returning.
A wolf comes into view.
Casting: Sandblast (safe; 4% risk of failure)
Confirm with . or Enter, or press ? or * to list all spells.
Aiming: Sandblast (safe; 4% risk of failure)
Press: ? - help, Shift-Dir - straight line, f - wolf
Aim: a wolf (70% to hit)
The blast of sand hits the wolf.
The wolf is lightly wounded.
The wolf completely misses you. The wolf bites you!
Ouch! That really hurt!
* * * LOW HITPOINT WARNING * * *
You feel much better. The wolf bites you. The wolf misses you.
Casting: Sandblast (safe; 4% risk of failure)
Confirm with . or Enter, or press ? or * to list all spells.
Aiming: Sandblast (safe; 4% risk of failure)
Press: ? - help, Shift-Dir - straight line, f/p - wolf
Aim: a wolf (lightly wounded, 70% to hit)
The blast of sand hits the wolf!
The wolf is severely wounded.
The wolf bites you.
Ouch! That really hurt!
You die...

##########'##............
#.?(.')))'.##......#..#..
##########.##............
#..........)'..........).
#+#####'#####......#..#..
#.....##............
#####'#####'#####++#
#.....##.......#
#..@..##.......#
###h####.......# ...
#...<...# ).... #.......#
.....g##.......#
#########.......#
#########


You could see a wolf and a hobgoblin (asleep).

Vanquished Creatures
  An ufetubus (D)
  An orc (D)
  2 goblins (D)
  A ball python (D)
  A jackal skeleton (D)
6 creatures vanquished.

Notes
Turn   | Place    | Note
-------+----------+-------------------------------------------
     0 | D        | BigDaddyOpFi the Felid Earth Elementalist began the quest
                  | for the Orb.
     0 | D        | Reached XP level 1. HP: 7/7 MP: 4/4
   125 | D        | Found a bloodstained altar of Trog.
   125 | D        | Found a shimmering blue altar of Sif Muna.
   125 | D        | Found a viscous altar of Jiyva.
   125 | D        | Found a hazy altar of Hepliaklqana.
   125 | D        | Found an opulent altar of Gozag.
   126 | D        | Found a glowing golden altar of the Shining One.
   126 | D        | Found a glowing silver altar of Zin.
   126 | D        | Found a basalt altar of Yredelemnul.
   126 | D        | Found a shimmering altar of Xom.
   126 | D        | Found an ornate altar of the Wu Jian Council.
   126 | D        | Found a sacrificial altar of Ru.
   126 | D        | Found a stormy altar of Qazlal.
   126 | D        | Found an iron altar of Okawaru.
   126 | D        | Found a sparkling altar of Nemelex Xobeh.
   126 | D        | Found a burning altar of Makhleb.
   126 | D        | Found a blossoming altar of Fedhas.
   126 | D        | Found a white marble altar of Elyvilon.
   126 | D        | Found a shadowy altar of Dithmenos.
   126 | D        | Found a snail-covered altar of Cheibriados.
   127 | D        | Found a radiant altar of Vehumet.
   127 | D        | Found a corrupted altar of Lugonu.
   128 | D        | Found a hide-covered altar of Uskayaw.
   128 | D        | Found an ancient bone altar of Kikubaaqudgha.
   128 | D        | Found a broken altar of Ashenzari.
   137 | D        | Became a worshipper of Vehumet
   343 | D        | Reached * piety under Vehumet
   343 | D        | Offered knowledge of Kiss of Death by Vehumet.
   344 | D        | Reached XP level 2. HP: 6/11 MP: 2/6
   400 | D        | Noticed a wolf
   403 | D        | Slain by a wolf

Illustrated notes

Levels and vault maps discovered:
D:        pitsprint [storerooms_1, entrance_room_1, metal_vault_2, armoury_1,
          mini_pit_1, grid_room_1, main_hall_1, silver_pit, the_coven_3,
          the_vestibule_1, steel_vault_5, golden_pit, hallway_of_sentries,
          crystal_vault_2, iron_vault_1, final_vault]

Skill      XL: |  1 |
---------------+----+-----
Dodging        | 3 |  3.7
Stealth        | 3 |  3.9
Earth Magic    | 3 |  3.2
Transmutations | 2 |  2.3
Spellcasting   | |  2.6

Action                     || total
---------------------------++-------
   Cast: Sandblast         ||    15
    Use: Potion            ||     1
 Armour: Skin              ||     1
  Dodge: Dodged            ||    12

Table legend: (Time is in decaauts)
 A = Elapsed time spent in this place.
 B = Non-inter-level travel time spent in this place.
 C = Inter-level travel time spent in this place.
 D = Time resting spent in this place.
 E = Time spent auto-exploring this place.
 F = Levels seen in this place.
 G = Mean time per level.
                   A        B        C        D        E       F      G
               +--------+--------+--------+--------+--------+-----+--------+
         Total |    389 |    389 |      0 |    277 |      0 |   1 |  389.0 |
       Dungeon |    389 |    389 |      0 |    277 |      0 |   1 |  389.0 |
               +--------+--------+--------+--------+--------+-----+--------+

Top non-repeatable levels by time:
       D: 389 daAuts
